 Dungeon Crawl Stone Soup version 0.18-a0-1109-gfc003ac (webtiles) character file.

36291 4thArraOfDagon the Harbinger of Death (level 13, -9/121 HPs)
             Began as a Deep Dwarf Fighter on Jan 16, 2016.
             Was a High Priest of Yredelemnul.
             Killed from afar by barakagiga's ghost (13 damage)
             ... with a flame tongue
             ... on level 4 of the Swamp.
             The game lasted 00:54:04 (6619 turns).

4thArraOfDagon the Harbinger of Death (DDFi)        Turns: 6619, Time: 00:54:04

Health: -9/121     AC: 15    Str: 33    XL:     13   Next: 52%
Magic:  2/10       EV:  8    Int: 11    God:    Yredelemnul [*****.]
Gold:   683        SH:  0    Dex: 10    Spells: 2 memorised, 8 levels left

rFire  + . .     SeeInvis .     e - +4 executioner's axe of Ru's Outrage {speed, *Confuse +Fly Int+2}
rCold  . . .     Gourm    .     H - +0 plate armour
rNeg   . . .     Faith    .     (shield currently unavailable)
rPois  .         Spirit   .     n - +1 helmet
rElec  .         Dismiss  .     A - +0 cloak
rCorr  .         Reflect  .     (no gloves)
SustAt .         Harm     .     L - +0 pair of boots (curse)
MR     +....                    (no amulet)
Stlth  ..........               q - +3 ring of strength
                                N - +3 ring of strength

@: flying, very slightly contaminated, non-regenerating, hasted, very quick,
somewhat resistant to hostile enchantments, extremely unstealthy
A: damage resistance, recharge devices, talons 1, clumsy 1, deformed body, fire
resistance 1, sense surroundings 2, slow regeneration 3, strong 1, evolution 2,
MP-powered wands
a: Device Recharging, Recall Undead Slaves, Injury Mirror, Animate Dead, Drain
Life, Enslave Soul, Renounce Religion, Stop Flying


You were on level 4 of the Swamp.
You worshipped Yredelemnul.
Yredelemnul was extremely pleased with you.
You were very hungry.

You visited 4 branches of the dungeon, and saw 28 of its levels.
You also visited: Labyrinth, Sewer and Ice Cave.

You collected 805 gold pieces.

Inventory:

Hand Weapons
 d - a +0 blowgun
 e - the +4 executioner's axe of Ru's Outrage (weapon) {speed, *Confuse +Fly Int+2}
   (You acquired it on level 8 of the Dungeon)

   Attacks with this weapon are significantly faster.
   It affects your intelligence (+2).
   It lets you fly.
   It may confuse you when you take damage.
 l - a +4 battleaxe of electrocution
Armour
 n - a +1 helmet (worn)
 A - a +0 cloak (worn)
 H - a +0 plate armour (worn)
 L - a cursed +0 pair of boots (worn)
Jewellery
 q - a +3 ring of strength (right hand)
 r - an uncursed ring of protection from fire
 u - an uncursed ring of see invisible
 K - an uncursed ring of resist corrosion
 N - a +3 ring of strength (left hand)
 P - an uncursed ring of positive energy
 U - an uncursed ring of sustain attributes
 Y - an uncursed ring of magical power
Wands
 a - a wand of disintegration (1/24)
 b - a wand of digging (10/24)
 h - a wand of enslavement (3/24)
 v - a wand of disintegration (19/24)
 w - a wand of draining (10/15)
 y - a wand of heal wounds (4/9)
 z - a wand of hasting (2/9)
 B - a wand of confusion (29/48)
 E - a wand of cold (9/15)
 O - a wand of draining (8/15)
 R - a wand of polymorph (11/24)
 S - a wand of invisibility (5/9)
 Z - a wand of fire (3/15)
Scrolls
 i - 3 scrolls of noise
 m - a scroll of teleportation
 x - 8 scrolls of remove curse
 F - a scroll of enchant armour
 T - 2 scrolls of torment
 X - a scroll of fog
Potions
 c - a potion of berserk rage
 g - a potion of agility {unknown}
 k - 5 potions of flight
 o - 3 potions of curing
 t - 5 potions of brilliance
 G - a potion of magic {unknown}
 M - a potion of invisibility
 V - 3 potions of cancellation
Miscellaneous
 p - a phial of floods (inert)
Comestibles
 f - 15 bread rations
 j - 5 meat rations
 I - 5 fruits


   Skills:
 + Level 9.2 Fighting
 * Level 14.3 Axes
 + Level 10.8 Armour
   Level 3.2 Shields
 * Level 15.2 Invocations
 - Level 9.1 Evocations


You had 8 spell levels left.
You knew the following spells:

 Your Spells              Type           Power        Failure   Level  Hunger
a - Blink                 Tloc           N/A          100%        2    ###....
b - Repel Missiles        Chrm/Air       #.....       100%        2    ###....


Dungeon Overview and Level Annotations

Branches:
Dungeon (15/15)              Lair (8/8) D:9           Swamp (4/4) Lair:5
 Vaults (0/5) D:14           Hell (1/1)
 Temple: D:4-7        Snake: Lair:3-6    Spider: Lair:3-6     Slime: Lair:6-8
    Orc: D:9-12      Depths: D:15           Dis: Hell:1         Geh: Hell:1
    Coc: Hell:1         Tar: Hell:1

Altars:
Cheibriados
Kikubaaqudgha
Makhleb
Sif Muna
Yredelemnul

Portals:
Hell: Lair:8

Annotations:
D:9 Erolcha
D:11 Maud
D:13 exclusion: upstairs
Lair:3 SPIDER
Lair:4 exclusion: downstairs
Swamp:4 barakagiga's ghost, adept HOFi
Hell Geryon


Innate Abilities, Weirdness & Mutations

You are resistant to damage.
You can recharge devices by infusing magical energy.
You passively map the area around you.
You do not regenerate naturally.
You have sharp toenails.
You are clumsy. (Dex -2)
Armour fits poorly on your strangely shaped body.
Your flesh is heat resistant.
Your muscles are strong. (Str +2)
You rapidly evolve.
You expend magic power (3 MP) to strengthen your wands.


Message History

Your water elemental closely misses barakagiga's ghost.
You see here a swamp worm corpse.
Unknown command.
You call on the dead to rise...
The dead are slithering!
You are feeling very hungry.
The spiny frog stings your water elemental!
Unknown command.
Unknown command.
Your water elemental barely misses barakagiga's ghost.
Your water elemental barely misses the spiny frog.
Unknown command.
Unknown command.
The spiny frog stings your water elemental!
Your swamp worm zombie misses barakagiga's ghost.
Your water elemental hits the spiny frog.
Your water elemental engulfs the spiny frog in water!
Barakagiga's ghost casts a spell at you.
The flame tongue hits you! You resist.
You die...
Your body rises from the dead as a mindless zombie.

♣♣.≈≈..≈≈≈≈.♣≈≈≈♣ ,
♣♣♣.≈≈≈≈≈≈....♣ ≈ * , ♣
♣♣♣♣♣♣♣♣..≈≈≈≈≈≈≈≈.♣ ≈, *, ≈
♣♣♣≈≈≈♣♣≈.≈≈≈≈≈≈≈≈≈.≈♣ , , ,
.♣♣.≈≈♣♣♣.≈≈≈§≈≈≈≈≈<♣♣♣♣.,
.≈≈≈≈..♣♣♣..≈≈..≈≈≈≈≈≈..≈..
,
♣♣≈≈≈≈.≈≈..≈FE≈E≈≈≈≈≈≈≈≈.≈.
,
♣≈≈)≈.≈≈≈.≈≈≈≈≈ZW§≈≈≈≈≈....,
≈
.≈≈≈≈≈≈≈..≈≈§≈≈≈@≈≈≈.♣♣..♣≈*
* ♣≈..≈≈≈≈≈..≈.≈§§≈≈≈.♣♣ ♣♣♣
.♣.≈≈≈≈≈≈...≈≈≈≈≈≈≈.♣ * ,
≈♣.≈≈≈≈≈≈...≈≈§≈≈≈≈.≈♣ ≈
≈♣.≈≈≈≈≈≈...≈...≈.≈...♣ ,
♣♣.≈≈≈≈≈≈..≈≈≈♣♣♣♣♣♣≈.♣* ***
♣.≈≈≈≈≈≈≈≈≈.♣♣ ♣♣♣ ,
♣♣..≈≈≈≈≈.≈≈♣ ≈≈, ≈ ≈≈
♣♣..≈≈≈.≈≈.♣ ≈≈ ≈ ≈


You could see a spiny frog, barakagiga's ghost, 2 friendly water elementals and
a friendly swamp worm zombie.

Vanquished Creatures
  A minotaur (Lab)
  Josephine (Lair:8)
  A catoblepas (Lair:8)
  A hell beast (Lair:8)
  2 griffons
  An ugly thing (D:11)
  A deep elf mage (D:12)
  A manticore (D:13)
  3 black mambas
  4 elephants (Lair:8)
  2 orange demons (Lair:8)
  Maurice (D:8)
  Psyche (D:8)
  5 spiny frogs
  A torpor snail (Lair:5)
  2 blink frogs
  2 gargoyles
  2 komodo dragons
  3 ice devils (Lair:8)
  A hellwing (Lair:8)
  3 red devils (Lair:8)
  4 fire drakes
  A polar bear (Lair:7)
  2 giant leeches
  2 bog bodies (Swamp:4)
  5 wraiths (Lair:8)
  2 spriggans
  2 wyverns
  A steam dragon (D:9)
  32 yaks
  6 hippogriffs
  10 vampire mosquitoes
  3 wolves (Lair:7)
  14 swamp worms
  11 insubstantial wisps (Swamp:3)
  5 water moccasins
  2 black bears
  A hell hound (Lair:8)
  4 porcupines
  An orc warrior (D:12)
  A swamp drake (Swamp:2)
  3 wasps
  A necrophage (D:5)
  2 ice beasts
  8 centaurs
  6 crocodiles
  3 big kobolds
  10 giant frogs
  4 scorpions
  7 killer bees
  10 wights (D:11)
  An electric eel (Lair:4)
  A giant frog zombie (D:13)
  7 crimson imps
  A centaur zombie (D:6)
  A quasit (D:10)
  4 orc priests
  2 jellies
  4 iguanas
  5 orc wizards
  3 worker ants
  A polar bear simulacrum (IceCv)
  A killer bee zombie (D:9)
  23 sheep
  2 hound skeletons (D:9)
  6 adders
  53 river rats
  A shadow imp (D:12)
  2 ufetubi
  A worm (D:3)
  2 giant geckos (D:3)
  17 orcs
  A bat (D:3)
  4 giant cockroaches
  3 goblins
  2 jackals (Sewer)
  8 quokkas
  A giant newt (D:3)
  A jackal skeleton (D:4)
  11 kobolds
  7 rats
  A briar patch (Swamp:3)
  2 plants (Lair:5)
381 creatures vanquished.

Vanquished Creatures (collateral kills)
  A thorn hunter (Swamp:3)
  Snorg (Lair:8)
  2 hydras (Swamp:3)
  A hornet (Swamp:3)
  2 black mambas
  2 spiny frogs
  A red devil (Lair:8)
  A giant leech (Swamp:3)
  2 hippogriffs
  A vampire mosquito (Swamp:3)
  A swamp worm (Swamp:4)
  A wolf (Lair:8)
  2 swamp drakes
  A wasp (Swamp:3)
  2 crocodiles
  A killer bee (D:11)
  A sheep (Lair:2)
23 creatures vanquished.

Vanquished Creatures (others)
  A wizard (Lair:8)
  A swamp dragon (Swamp:3)
  A spiny frog (Swamp:1)
  A swamp worm zombie (Swamp:3)
  2 black mamba zombies (Lair:8)
  A blink frog zombie (Lair:8)
  A swamp worm (Swamp:3)
  An elephant zombie (Lair:8)
  3 vampire mosquito zombies (Swamp:3)
  A troll zombie (Lair:8)
  A water moccasin zombie (Lair:8)
  2 yak zombies
  2 wights
  A wolf zombie (Lair:8)
  A wasp zombie (Swamp:3)
  3 mummies
  A swamp drake zombie (Swamp:3)
  A sheep zombie (Lair:8)
  6 river rat zombies (Lair:8)
  13 fungi
  19 plants
63 creatures vanquished.

Grand Total: 467 creatures vanquished

Notes
Turn   | Place    | Note
--------------------------------------------------------------
     0 | D:1      | 4thArraOfDagon the Deep Dwarf Fighter began the quest for the Orb.
     0 | D:1      | Reached XP level 1. HP: 20/20 MP: 1/1
    76 | D:2      | Reached XP level 2. HP: 9/27 MP: 2/2
   162 | D:3      | Found a glowing drain.
   166 | Sewer    | Entered a sewer
   169 | Sewer    | Reached skill level 1 in Evocations
   202 | Sewer    | Noticed a big kobold
   207 | Sewer    | Reached XP level 3. HP: 31/33 MP: 3/3
   221 | Sewer    | Killed a big kobold
   221 | Sewer    | Reached XP level 4. HP: 35/42 MP: 3/5
   235 | Sewer    | Found a glowing silver altar of Zin.
   329 | D:3      | Reached skill level 4 in Axes
   331 | D:3      | Reached XP level 5. HP: 25/49 MP: 6/6
   489 | D:4      | Noticed an ogre
   494 | D:5      | Entered Level 5 of the Dungeon
   603 | D:5      | Found an ancient bone altar of Kikubaaqudgha.
   633 | D:5      | Reached XP level 6. HP: 14/56 MP: 8/8
   673 | D:5      | Reached skill level 5 in Axes
   846 | D:7      | Found a basalt altar of Yredelemnul.
   854 | D:7      | Reached XP level 7. HP: 30/63 MP: 8/10
   878 | D:7      | Became a worshipper of Yredelemnul the Dark
   908 | D:6      | Found a snail-covered altar of Cheibriados.
   934 | D:7      | Reached skill level 6 in Axes
   934 | D:7      | Reached skill level 5 in Armour
   934 | D:7      | Reached skill level 1 in Invocations
   985 | D:8      | Found a snail-covered altar of Cheibriados.
  1034 | D:8      | Noticed Maurice
  1093 | D:8      | Killed Maurice
  1178 | D:9      | Noticed Erolcha
  1182 | D:8      | Reached XP level 8. HP: 47/73 MP: 11/11
  1214 | D:9      | Found a staircase to the Lair.
  1342 | D:8      | Reached skill level 7 in Axes
  1403 | D:8      | Identified a scroll of acquirement
  1404 | D:8      | Got a pitted executioner's axe
  1410 | D:8      | Identified the +4 executioner's axe of Ru's Outrage {speed, *Confuse +Fly Int+2} (You acquired it on level 8 of the Dungeon)
  1511 | D:8      | Noticed Psyche
  1523 | D:8      | Killed Psyche
  1523 | D:8      | Reached skill level 5 in Invocations
  1523 | D:8      | Reached skill level 5 in Evocations
  1638 | D:10     | Entered Level 10 of the Dungeon
  1666 | D:10     | Noticed a gargoyle
  1675 | D:10     | Killed a gargoyle
  1675 | D:10     | Reached skill level 5 in Fighting
  1675 | D:10     | Gained mutation: You passively map the area around you. [Deep Dwarf growth]
  1675 | D:10     | Reached XP level 9. HP: 55/81 MP: 13/13
  1733 | D:10     | Reached * piety under Yredelemnul
  1733 | D:10     | Reached skill level 8 in Axes
  1983 | D:11     | Reached skill level 9 in Axes
  2176 | D:14     | Noticed a vault guard
  2176 | D:14     | Noticed a vault guard
  2176 | D:14     | Noticed a vault guard
  2177 | D:14     | Noticed a vault guard
  2177 | D:14     | Found a gate to the Vaults.
  2177 | D:14     | Noticed a vault guard
  2177 | D:14     | Noticed a vault guard
  2177 | D:14     | Noticed a vault guard
  2186 | D:14     | Noticed a vault guard
  2205 | D:12     | Noticed a deep elf mage
  2241 | D:13     | Noticed a gargoyle
  2253 | D:13     | Killed a gargoyle
  2253 | D:13     | Reached XP level 10. HP: 51/91 MP: 16/16
  2256 | D:13     | Noticed a manticore
  2263 | D:13     | Killed a manticore
  2263 | D:13     | Reached ** piety under Yredelemnul
  2295 | D:13     | Noticed a cyan ugly thing
  2441 | D:15     | Entered Level 15 of the Dungeon
  2443 | D:15     | Noticed a cyclops
  2522 | D:13     | Noticed a hill giant
  2532 | D:12     | Noticed a deep elf mage
  2540 | D:12     | Reached skill level 10 in Axes
  2564 | D:12     | Killed a deep elf mage
  2638 | D:12     | Noticed a hill giant
  2670 | D:11     | Found a deep blue altar of Sif Muna.
  2843 | D:11     | Noticed a cyan ugly thing
  2863 | D:11     | Killed a cyan ugly thing
  2893 | D:11     | Noticed Maud
  2996 | D:10     | Reached skill level 10 in Invocations
  3120 | Lair:1   | Entered Level 1 of the Lair of Beasts
  3145 | Lair:1   | Reached *** piety under Yredelemnul
  3189 | Lair:2   | Reached XP level 11. HP: 59/99 MP: 17/17
  3212 | Lair:2   | Reached skill level 11 in Axes
  3258 | Lair:2   | Noticed a six-headed hydra
  3374 | Lair:2   | Received a gift from Yredelemnul
  3546 | Lair:4   | Found a labyrinth entrance.
  3564 | Lab      | Entered a labyrinth
  3633 | Lab      | Noticed a minotaur
  3645 | Lab      | Killed a minotaur
  3749 | Lair:4   | no armor :(
  3867 | Lair:4   | Received a gift from Yredelemnul
  3928 | Lair:5   | Noticed a griffon
  4030 | Lair:8   | Entered Level 8 of the Lair of Beasts
  4030 | Lair:8   | Noticed Josephine
  4042 | Lair:8   | Killed Josephine
  4042 | Lair:8   | Reached skill level 12 in Invocations
  4082 | Lair:8   | Drew Focus: Str increased to 23, Int decreased to 9
  4115 | Lair:8   | Noticed Snorg
  4118 | Lair:8   | Reached **** piety under Yredelemnul
  4122 | Lair:8   | Killed Snorg
  4122 | Lair:8   | Reached XP level 12. HP: 37/109 MP: 16/16
  4159 | Lair:8   | Received a gift from Yredelemnul
  4214 | Lair:8   | Noticed a catoblepas
  4266 | Lair:8   | Killed a catoblepas
  4338 | Lair:8   | Found a burning altar of Makhleb.
  4366 | Lair:8   | Reached skill level 13 in Invocations
  4395 | Lair:8   | Your ally Snorg died
  4461 | Lair:8   | Noticed a hell beast
  4477 | Lair:8   | Killed a hell beast
  4504 | Lair:8   | Found a gateway to Hell.
  4518 | Hell     | Entered the Vestibule of Hell
  4520 | Hell     | Noticed a hellephant
  4521 | Hell     | Noticed Geryon
  4522 | Hell     | Noticed a reaper
  4746 | Lair:7   | Reached skill level 10 in Armour
  4749 | Lair:7   | Reached skill level 14 in Invocations
  5069 | Lair:6   | Reached ***** piety under Yredelemnul
  5132 | Lair:5   | Noticed a six-headed hydra
  5267 | Lair:3   | Reached XP level 13. HP: 79/118 MP: 13/13
  5342 | Lair:3   | Received a gift from Yredelemnul
  5534 | Lair:5   | Found a staircase to the Swamp.
  5555 | Swamp:1  | Entered Level 1 of the Swamp
  5834 | Swamp:2  | HP: 3/120 [swamp dragon (10)]
  5841 | Swamp:3  | HP: 5/120 [insubstantial wisp/static electricity (6)]
  5847 | Swamp:3  | HP: 6/120 [poisoned by a swamp dragon (poison gas)]
  5847 | Swamp:3  | HP: 2/120 [swamp dragon (4)]
  5950 | Swamp:4  | Entered Level 4 of the Swamp
  5950 | Swamp:4  | Noticed a thorn hunter
  6179 | Swamp:3  | Gained mutation: You expend magic power (3 MP) to strengthen your wands. [potion of mutation]
  6179 | Swamp:3  | Gained mutation: You have sharp toenails. [potion of mutation]
  6179 | Swamp:3  | Gained mutation: You evolve. [potion of mutation]
  6180 | Swamp:3  | Gained mutation: Your flesh is heat resistant. [potion of mutation]
  6180 | Swamp:3  | Gained mutation: Your muscles are strong. (Str +2) [potion of mutation]
  6180 | Swamp:3  | Gained mutation: Armour fits poorly on your strangely shaped body. [potion of mutation]
  6217 | Swamp:3  | Learned a level 2 spell: Blink
  6220 | Swamp:3  | Learned a level 2 spell: Repel Missiles
  6237 | Swamp:3  | Gained mutation: You are clumsy. (Dex -2) [evolution]
  6264 | Swamp:4  | Reached skill level 15 in Invocations
  6293 | Swamp:3  | Killed a thorn hunter
  6342 | Swamp:3  | Received a gift from Yredelemnul
  6470 | Swamp:4  | Gained mutation: You rapidly evolve. [potion of beneficial mutation]
  6542 | Swamp:4  | Found a frozen archway.
  6551 | IceCv    | Entered an ice cave
  6572 | Swamp:4  | Noticed barakagiga's ghost (adept HOFi)
  6595 | Swamp:4  | HP: 2/121 [barakagiga's ghost (16)]
  6606 | Swamp:4  | HP: 4/121 [barakagiga's ghost (3)]
  6619 | Swamp:4  | Killed from afar by barakagiga's ghost

Vault maps used:
D:1:      dpeg_arrival_stone_temple_mockup
D:2:      lemuel_crystal_altar, ecumenical_altar_1
D:3:      gup_sewer_entry_bowl, first_bread
D:4:      enter_ossuary_4, serial_corexii_hall, corexii_hall_statues_i,
          corexii_hall_statues_s, uniq_edmund
D:5:      minmay_temple_entry_glassed_door, basic_altar
D:6:      lemuel_upstairs_altar, serial_shops, nicolae_shop_window_shopping
D:7:      lemuel_coloured_pillars_altar, yredelemnul_altar_generic
D:8:      cheibrodos_worm_habitat, uniq_psyche, uniq_maurice
D:9:      lair_0_dummy, the_bakery, lightli_church_of_beogh, uniq_erolcha
D:11:     basic_altar, uniq_maud
D:12:     orc_0_dummy
D:14:     erik_vaults_2, serial_shops, shop, solitary_fountain
D:15:     gammafunk_enter_depths_forms, uniq_rupert
Lair:2:   lemuel_fruit_fields, serial_bayou_shore_a
Lair:3:   nicolae_spider_entry_tight_spaces
Lair:4:   lab_entry_generic
Lair:5:   minmay_swamp_entry_worms, grunt_megastairs_1
Lair:6:   dragon1_lemuel, slime_altar_1
Lair:7:   grunt_forest_stairs_clearing
Lair:8:   evil_forest, uniq_josephine, uniq_snorg
Swamp:1:  evilmike_swamp_ruin_house_1, swamp_pool4
Swamp:2:  evilmike_swamp_ruin_house_5
Swamp:3:  nicolae_swamp_triple_paths
Swamp:4:  swamp_old_school, portal_ice_cave_entry_pillars_02,
          infiniplex_staircase_pool, uniq_donald
Lab:      labyrinth_watery, nicolae_lab_quarters, nicolae_lab_x,
          nicolae_lab_hexagon, nicolae_lab_grate_2, nicolae_lab_flowing_pool
Sewer:    sewer_kobolds
IceCv:    ice_cave_caverns_03

Action                   |  1- 3 |  4- 6 |  7- 9 | 10-12 | 13-15 || total
-------------------------+-------+-------+-------+-------+-------++-------
Melee: War axe           |    76 |    93 |    86 |       |       ||   255
       Executioner's axe |       |       |   154 |   503 |   236 ||   893
Invok: Animate Dead      |       |       |       |     7 |     8 ||    15
       Recall Undead Sla |       |       |       |     2 |     1 ||     3
       Drain Life        |       |       |       |     2 |       ||     2
 Abil: Device Recharging |       |       |       |    10 |     4 ||    14
       Evoke Flight      |       |       |       |       |     1 ||     1
Evoke: Wand              |       |     1 |     7 |    53 |    32 ||    93
       Deck              |       |       |       |     3 |     7 ||    10
       Phial of floods   |       |       |       |       |     1 ||     1
  Use: Scroll            |     2 |     3 |    10 |    14 |    10 ||    39
       Potion            |     1 |     1 |     1 |     4 |     4 ||    11
 Stab: Distracted        |       |       |       |     3 |     2 ||     5
       Petrified         |       |       |       |     1 |       ||     1
  Eat: Chunk             |       |       |     6 |     7 |       ||    13
       Pizza             |       |       |       |     2 |       ||     2
       Beef jerky        |       |       |       |     2 |       ||     2
       Fruit             |       |       |       |       |     5 ||     5
